 Dungeon Crawl Stone Soup version 0.27-a0-334-g52645efa06 (webtiles) character file.

Game seed: 7741356360673119287

583 wakim the Stinger (level 7, 0/41 HPs)
             Began as an Octopode Venom Mage on Feb 13, 2021.
             Slain by a human zombie (6 damage)
             ... in an ossuary.
             The game lasted 00:10:19 (3792 turns).

wakim the Stinger (Octopode Venom Mage)             Turns: 3792, Time: 00:10:19

Health: 0/41       AC:  1    Str:  7    XL:     7   Next: 37%
Magic:  10/13      EV: 13    Int: 20    God:
Gold:   142        SH:  0    Dex: 12    Spells: 4/14 levels left

rFire    . . .     SeeInvis .     - Unarmed
rCold    . . .     Faith    .   (no shield)
rNeg     . . .     Spirit   .   (helmet restricted)
rPois    .         Reflect  .   (no amulet)
rElec    .         Harm     .   (no ring)
rCorr    .         Rampage  .   (no ring)
Will     .....                  (no ring)
Stlth    +++.......             (no ring)
HPRegen  0.13/turn              (no ring)
MPRegen  0.13/turn              (no ring)
                                (no ring)
                                (no ring)

@: no status effects
A: almost no armour, stealthy swim, amphibious, 8 rings, constrict 8, camouflage
1, gelatinous body 1
a: no special abilities


You were in an ossuary.
You visited 1 branch of the dungeon, and saw 4 of its levels.
You also visited: Ossuary.

You collected 142 gold pieces.

Inventory:

Missiles
 c - 134 stones
Wands
 b - a wand of random effects (6)
Scrolls
 i - 2 scrolls of enchant armour
Potions
 a - a potion of flight
 f - a potion of attraction
 h - a potion of cancellation


   Skills:
 - Level 2.0 Dodging
 - Level 2.6 Stealth
 + Level 3.7 Unarmed Combat
 - Level 4.0 Spellcasting
 - Level 1.0 Transmutations
 - Level 1.0 Fire Magic
 - Level 1.0 Air Magic
 - Level 7.0 Poison Magic


You had 4 spell levels left.
You knew the following spells:

 Your Spells              Type           Power        Failure   Level
a - Sting                 Tmut/Pois      80%          2%          1
b - Poisonous Vapours     Pois/Air       40%          3%          2
c - Olgreb's Toxic Radia  Pois           32%          7%          4
d - Ignite Poison         Fire/Tmut/Pois 16%          11%         3

Your spell library contained the following spells:

 Spells                   Type           Power        Failure   Level
 Mephitic Cloud           Conj/Pois/Air  14%          13%         3


Dungeon Overview and Level Annotations

Branches:
Dungeon (4/15)            Ossuary (1/1)
 Temple: D:4-7

Altars:
Makhleb
Nemelex Xobeh

Annotations:
D:2 1 runed translucent door, Crazy Yiuf


Innate Abilities, Weirdness & Mutations

You cannot wear most types of armour.
You are very stealthy in the water. (Stealth+)
You are amphibious.
You can wear up to eight rings at the same time.
You can use your tentacles to constrict eight enemies at once.
Your skin changes colour to match your surroundings (Stealth+).
Your rubbery body absorbs attacks. (AC +1, EV +1)


Message History

You constrict the mummy. The jackal zombie bites you.
* * * LOW HITPOINT WARNING * * *
The jackal zombie barely misses you.
You tentacle-slap the mummy but do no damage.
The mummy is moderately damaged.
You constrict the mummy, but do no damage.
The jackal zombie barely misses you.
You tentacle-slap the mummy.
The mummy is severely damaged.
You constrict the mummy. The jackal zombie bites you.
* * * LOW HITPOINT WARNING * * *
The mummy barely misses you.
You tentacle-slap the mummy. You squeeze the mummy.
You destroy the mummy!
The jackal zombie completely misses you.
You tentacle-slap the jackal zombie.
You destroy the jackal zombie!
You tentacle-slap the rat zombie. You grab the rat zombie.
The rat zombie is severely damaged.
You constrict the rat zombie. The human zombie closely misses you.
The rat zombie misses you.
You tentacle-slap the rat zombie.
You destroy the rat zombie!
The human zombie hits you!
* * * LOW HITPOINT WARNING * * *
You tentacle-slap the human zombie. Your grab misses the human zombie.
Your tentacle-slap misses the human zombie.
The human zombie is lightly damaged.
The human zombie misses you.
You tentacle-slap the human zombie. You grab the human zombie.
The human zombie is lightly damaged.
You constrict the human zombie. You tentacle-slap the human zombie.
The human zombie is moderately damaged.
You constrict the human zombie. The human zombie hits you.
* * * LOW HITPOINT WARNING * * *
You tentacle-slap the human zombie.
The human zombie is moderately damaged.
You constrict the human zombie. The human zombie hits you.
You die...

####################
.......∩...........#
.......@Z..........#
.....#####.........+
....................
....................
.......Z.......##...
...............# ..
..................
..Z.........Z......
...................


You could see a human zombie.

Vanquished Creatures
  Sigmund (D:2)
  An ogre (D:4)
  A centaur (D:3)
  An iguana (D:3)
  3 orc wizards
  A worker ant (D:3)
  A hound zombie (Ossuary)
  A mummy (Ossuary)
  3 adders (D:3)
  An ooze (D:3)
  2 worms (D:3)
  2 dart slugs
  11 orcs
  9 bats
  A giant cockroach (D:3)
  7 hobgoblins
  7 kobolds
  2 quokkas (D:3)
  3 frilled lizards
  4 goblins
  A jackal zombie (Ossuary)
  4 rats
  A rat zombie (Ossuary)
68 creatures vanquished.

Vanquished Creatures (others)
  A plant (D:1)
1 creature vanquished.

Grand Total: 69 creatures vanquished

Notes
Turn   | Place    | Note
-------+----------+-------------------------------------------
     0 | D:1      | wakim the Octopode Venom Mage began the quest for the Orb.
     0 | D:1      | Reached XP level 1. HP: 11/11 MP: 3/3
   659 | D:1      | Reached XP level 2. HP: 15/17 MP: 3/5
   692 | D:1      | Reached skill level 4 in Poison Magic
  1141 | D:1      | Learned a level 2 spell: Poisonous Vapours
  1439 | D:2      | Found a runed translucent door.
  1440 | D:2      | Noticed Crazy Yiuf
  1624 | D:2      | Noticed Sigmund
  1638 | D:2      | Killed Sigmund
  1639 | D:2      | Reached skill level 5 in Poison Magic
  1639 | D:2      | Reached XP level 3. HP: 10/21 MP: 0/8
  1639 | D:2      | Reached XP level 4. HP: 12/27 MP: 0/9
  1639 | D:2      | Reached XP level 5. HP: 14/31 MP: 0/10
  1996 | D:2      | Found a burning altar of Makhleb.
  1996 | D:2      | Noticed a cacodemon
  2116 | D:3      | Learned a level 4 spell: Olgreb's Toxic Radiance
  2120 | D:3      | Learned a level 3 spell: Ignite Poison
  2668 | D:3      | Reached XP level 6. HP: 35/36 MP: 5/11
  2883 | D:3      | Found a sparkling altar of Nemelex Xobeh.
  2999 | D:3      | Reached skill level 6 in Poison Magic
  3060 | D:3      | Reached skill level 1 in Fire Magic
  3060 | D:3      | Reached skill level 1 in Air Magic
  3333 | D:3      | Reached XP level 7. HP: 10/41 MP: 3/13
  3696 | D:4      | Reached skill level 7 in Poison Magic
  3752 | D:4      | Found a sand-covered staircase.
  3757 | Ossuary  | Entered an ossuary
  3792 | Ossuary  | Slain by a human zombie

Illustrated notes

Levels and vault maps discovered:
D:1:      lightli_arrival_lavapool, layout_basic, chequers_big_river
D:2:      layout_rooms, makhleb_altar_promises_db, uniq_sigmund,
          uniq_crazy_yiuf_cottage
D:3:      layout_basic, nemelex_xobeh_ov_fountains_minmay
D:4:      cheibrodos_greedy_goblins, layout_basic, enter_ossuary_2
Ossuary:  ossuary_minmay_tomb_2a

Skill      XL: |  1  2  3  4  5  6  7 |
---------------+----------------------+-----
Poison Magic   | 5 6 7 |  7.0
Unarmed Combat | 2 3 |  3.7
Spellcasting   | 3 4 |  4.0
Fire Magic     | 1 |  1.0
Air Magic      | 1 |  1.0
Dodging        | |  2.0
Stealth        | |  2.6
Transmutations | |  1.0

Action                   |  1- 3 |  4- 6 |  7- 9 || total
-------------------------+-------+-------+-------++-------
Melee: Unarmed           |    19 |    21 |    18 ||    58
       Tentacles         |     5 |     4 |     3 ||    12
       Constrict         |     5 |     5 |     4 ||    14
Throw: Stone             |     5 |       |       ||     5
 Cast: Sting             |     8 |       |       ||     8
       Poisonous Vapours |    11 |    14 |     1 ||    26
       Olgreb's Toxic Ra |       |    15 |     2 ||    17
       Ignite Poison     |       |     4 |     2 ||     6
  Use: Scroll            |       |       |     4 ||     4
       Potion            |       |       |     4 ||     4
 Stab: Sleeping          |     1 |     2 |       ||     3
Armor: Skin              |     3 |       |     2 ||     5
Dodge: Dodged            |    14 |    12 |    21 ||    47

Table legend: (Time is in decaauts)
 A = Elapsed time spent in this place.
 B = Non-inter-level travel time spent in this place.
 C = Inter-level travel time spent in this place.
 D = Time resting spent in this place.
 E = Time spent auto-exploring this place.
 F = Levels seen in this place.
 G = Mean time per level.
                   A        B        C        D        E       F      G
               +--------+--------+--------+--------+--------+-----+--------+
         Total |   3789 |   3685 |    104 |   1410 |   1749 |   5 |  757.8 |
       Dungeon |   3756 |   3652 |    104 |   1410 |   1749 |   4 |  939.0 |
       Ossuary |     33 |     33 |      0 |      0 |      0 |   1 |   33.0 |
               +--------+--------+--------+--------+--------+-----+--------+

Top non-repeatable levels by time:
     D:3: 1558 daAuts
     D:1: 1238 daAuts
     D:2: 872 daAuts
     D:4: 86 daAuts
 Ossuary: 33 daAuts
